 Dungeon Crawl Stone Soup version 0.24.1-14-gf8d2b509d9 (webtiles) character file.

Game seed: 9133408191809075824, levelgen mode: deterministic

3551 oegugui the Spear-Bearer (level 10, -9/79 HPs)
             Began as a Formicid Abyssal Knight on July 11, 2020.
             Was a Believer of Lugonu.
             Mangled by Harold
             ... wielding a +0 battleaxe
              (14 damage)
             ... on level 7 of the Dungeon.
             The game lasted 00:24:05 (10245 turns).

oegugui the Spear-Bearer (Formicid Abyssal Knight) Turns: 10245, Time: 00:24:06

Health: -9/79      AC: 10    Str: 21    XL:     10   Next: 30%
Magic:  0/15       EV:  8    Int: 11    God:    Lugonu [**....]
Gold:   405        SH:  0    Dex: 10    Spells: 9/9 levels left

rFire    + . .     SeeInvis +   n - +3 spear
rCold    . . .     Gourm    .   (no shield)
rNeg     . . .     Faith    .   y - +0 chain mail
rPois    .         Spirit   +   (helmet unavailable)
rElec    .         Reflect  .   d - scarf {Spirit}
rCorr    .         Harm     .   (no gloves)
MR       +....                  (no boots)
Stlth    ..........             (no amulet)
HPRegen  0.23/turn              k - ring of flight
MPRegen  0.14/turn              F - ring of protection from fire

@: lethally poisoned (-9 -> -13)
A: permanent stasis, dig shafts and tunnels, four strong arms, antennae 3
a: Dig, Shaft Self, Depart the Abyss, Bend Space, Renounce Religion, Evoke
Flight


You were on level 7 of the Dungeon.
You worshipped Lugonu.
Lugonu was pleased with you.
You were hungry.

You visited 1 branch of the dungeon, and saw 7 of its levels.
You visited the Abyss 1 time.

You collected 405 gold pieces.

Inventory:

Hand Weapons
 a - a +1 spear
 m - a +0 trident
 n - a +3 spear (weapon)
Missiles
 e - 195 stones
 v - a javelin
 G - 20 poisoned darts
 J - 5 boomerangs (quivered)
Armour
 d - a scarf of spirit shield (worn)
 i - a +0 scale mail
 y - a +0 chain mail (worn)
Jewellery
 k - a ring of flight (left hand)
 F - a ring of protection from fire (right hand)
Wands
 A - a wand of flame (10)
 D - a wand of digging (5)
Scrolls
 g - 4 scrolls of magic mapping {unknown}
 h - 4 scrolls of teleportation {unknown}
 j - 3 scrolls of random uselessness {unknown}
 p - 4 scrolls of remove curse {unknown}
 r - 2 scrolls of amnesia {unknown}
 t - a scroll of blinking {unknown}
 u - 10 scrolls of identify {unknown}
 x - 2 scrolls of enchant armour {unknown}
 z - 2 scrolls of enchant weapon {unknown}
 C - 2 scrolls of immolation {unknown}
 H - a scroll of fear {unknown}
Potions
 b - a potion of resistance {unknown}
 f - a potion of flight
 l - a potion of degeneration {unknown}
 o - a potion of berserk rage {unknown}
 q - a potion of brilliance
 s - a potion of cancellation
 w - a potion of curing
 B - 2 potions of heal wounds {unknown}
 E - 2 potions of lignification {unknown}
Comestibles
 c - 16 rations


   Skills:
 + Level 7.5 Fighting
 + Level 9.2 Polearms
 + Level 1.7 Throwing
 + Level 7.7 Armour
 - Level 0.8 Dodging
 * Level 7.0 Invocations


You had 9 spell levels left.
You didn't know any spells.
Your spell library contained the following spells:

 Spells                   Type           Power        Failure   Level  Hunger
 Flame Tongue             Conj/Fire      #....        95%         1    ##.....
 Summon Small Mammal      Summ           #...         95%         1    ##.....
 Call Imp                 Summ           #.......     98%         2    ###....
 Throw Flame              Conj/Fire      #.....       98%         2    ###....
 Call Canine Familiar     Summ           #.......     100%        3    ####...
 Conjure Flame            Conj/Fire      #.......     100%        3    ####...
 Inner Flame              Hex/Fire       #.......     100%        3    ####...
 Summon Guardian Golem    Hex/Summ       #.......     100%        3    ####...
 Sticky Flame             Conj/Fire      #.......     100%        4    #####..
 Summon Ice Beast         Ice/Summ       #.......     100%        4    #####..
 Summon Lightning Spire   Summ/Air       #.......     100%        4    #####..
 Aura of Abjuration       Summ           #.........   100%        5    ######.
 Fireball                 Conj/Fire      #.........   100%        5    ######.
 Silence                  Hex/Air        #.........   100%        5    ######.
 Darkness                 Hex            #.........   100%        6    #######


Dungeon Overview and Level Annotations

Branches:
Dungeon (7/15)             Temple (0/1) D:6

Altars:
Elyvilon
Okawaru
Sif Muna

Shops:
D:6 }

Annotations:
D:1 exclusion: downstairs
D:2 exclusion: downstairs
D:3 exclusion: 2 downstairs
D:4 exclusion: 2 downstairs, Blork the orc
D:6 exclusion: downstairs
D:7 Harold


Innate Abilities, Weirdness & Mutations

You cannot be hasted, slowed, berserked, paralysed or teleported.
You can dig through walls and to a lower floor.
Your four strong arms can wield two-handed weapons with a shield.
You have a pair of large antennae on your head. (SInv)


Message History

Harold is heavily wounded.
You feel sick.
You hit Harold.
Harold is heavily wounded.
Harold closely misses you.
You hit Harold.
Harold is heavily wounded.
You feel sick.
Your chain mail prevents you from hitting Harold.
Harold is heavily wounded.
Harold hits you with a +0 battleaxe!
* * * LOW HITPOINT WARNING * * *
You hit Harold but do no damage.
Harold is heavily wounded.
* * * LOW HITPOINT WARNING * * *
You feel sick.
You hit Harold but do no damage.
Harold is heavily wounded.
Harold hits you with a +0 battleaxe!
You die...

#................
##..............#
#........#.......
##.......#.......
##..............
#..............
####@..........
##@#.#.@........
#@#.#.##........
####...#>.......
#.............
###..##..#...#
##..#.######
..### .## ##


You could see Harold.

Vanquished Creatures
  Pikel (D:5)
  Prince Ribbit (D:5)
  Grinder (D:6)
  Eustachio (D:6)
  A human (D:6)
  4 hogs
  A water moccasin (D:7)
  An ice beast (D:5)
  Duvessa (D:5)
  2 sky beasts
  An ogre (D:5)
  A phantom (D:3)
  Dowan (D:5)
  A scorpion (D:6)
  4 killer bees
  3 wights
  A centaur zombie (D:6)
  3 howler monkeys
  A crimson imp (D:6)
  A jelly (D:6)
  2 orc priests (D:3)
  3 hounds
  An orc wizard (D:5)
  6 worker ants
  An iguana (D:7)
  Robin (D:3)
  A gnoll (D:1)
  10 adders
  A howler monkey skeleton (D:4)
  2 shadow imps (D:6)
  2 oozes
  2 worms
  A dart slug (D:2)
  3 leopard geckos
  9 orcs
  4 bats
  3 giant cockroaches
  9 hobgoblins
  7 jackals
  4 quokkas
  A ball python (D:1)
  7 frilled lizards
  14 goblins
  6 kobolds
  3 rats
134 creatures vanquished.

Vanquished Creatures (others)
  3 slaves (D:5)
  A scorpion (D:5)
  An orc priest (D:5)
  An orc wizard (D:5)
  An orc (D:5)
  A giant cockroach (D:5)
  A leopard gecko zombie (D:5)
  A bush (D:7)
10 creatures vanquished.

Grand Total: 144 creatures vanquished

Notes
Turn   | Place    | Note
-------+----------+-------------------------------------------
     0 | Abyss:1  | oegugui the Formicid Abyssal Knight began the quest for the
                  | Orb.
     0 | Abyss:1  | Reached XP level 1. HP: 18/18 MP: 2/2
    63 | Abyss:1  | Noticed a storm dragon simulacrum
    72 | Abyss:1  | Noticed an angel
    74 | D:1      | Escaped the Abyss
   308 | D:1      | Reached XP level 2. HP: 24/24 MP: 3/3
   630 | D:1      | Reached * piety under Lugonu
   752 | D:1      | Reached XP level 3. HP: 14/30 MP: 4/4
  1528 | D:2      | Reached XP level 4. HP: 33/37 MP: 3/5
  1876 | D:2      | Reached skill level 3 in Polearms
  1934 | D:2      | Noticed an ice beast
  2383 | D:2      | Found an iron altar of Okawaru.
  3215 | D:3      | Noticed Robin
  3221 | D:2      | Reached XP level 5. HP: 37/43 MP: 3/6
  3450 | D:3      | Killed Robin
  3536 | D:3      | Reached ** piety under Lugonu
  3809 | D:3      | Reached skill level 4 in Polearms
  4104 | D:4      | Reached XP level 6. HP: 48/49 MP: 5/7
  4186 | D:4      | Noticed a phantom
  4551 | D:3      | Killed a phantom
  4551 | D:3      | Reached skill level 5 in Fighting
  4551 | D:3      | Reached skill level 1 in Throwing
  4551 | D:3      | Reached XP level 7. HP: 31/56 MP: 5/8
  5063 | D:4      | Noticed Blork the orc
  5310 | D:4      | Reached skill level 5 in Polearms
  5746 | D:5      | Entered Level 5 of the Dungeon
  5762 | D:5      | Noticed Pikel
  5781 | D:5      | Killed Pikel
  5781 | D:5      | Reached skill level 6 in Polearms
  5781 | D:5      | Reached skill level 5 in Armour
  5781 | D:5      | Reached XP level 8. HP: 29/64 MP: 6/10
  7030 | D:5      | Noticed Prince Ribbit
  7089 | D:5      | Killed Prince Ribbit
  7165 | D:5      | Reached skill level 7 in Polearms
  7165 | D:5      | Reached XP level 9. HP: 17/69 MP: 3/12
  7600 | D:5      | Noticed Dowan
  7601 | D:5      | Noticed Duvessa
  7684 | D:5      | Killed Duvessa
  7684 | D:5      | Reached skill level 5 in Invocations
  7713 | D:5      | Killed Dowan
  8228 | D:6      | Found a staircase to the Ecumenical Temple.
  8244 | D:6      | Identified the Reference Book on the Oath and Companions
  8268 | D:6      | Noticed Eustachio
  8333 | D:6      | Killed Eustachio
  8351 | D:6      | Found Imuoruq's Gadget Shoppe.
  8472 | D:6      | Found a white marble altar of Elyvilon.
  8545 | D:6      | Reached skill level 8 in Polearms
  8666 | D:6      | Noticed Grinder
  8688 | D:6      | Killed Grinder
  8868 | D:7      | Noticed Harold
  9055 | D:7      | Found a shimmering blue altar of Sif Muna.
  9180 | D:6      | Reached XP level 10. HP: 7/79 MP: 2/14
  9639 | D:7      | Reached skill level 9 in Polearms
 10245 | D:7      | Mangled by Harold

Levels and vault maps discovered:
D:1:      evilmike_arrival_home_sweet_home, layout_basic,
          kennysheep_flooded_box, kennysheep_boxes
D:2:      layout_loops_corners, okawaru_trees_2, first_ration, minmay_puff
D:3:      layout_basic, uniq_robin
D:4:      layout_basic, uniq_blork_the_orc
D:5:      layout_basic, uniq_duvessa, uniq_pikel, uniq_prince_ribbit1
D:6:      layout_basic, minmay_temple_entry_offerings, serial_shops,
          shop_fountains, elyvilon_altar_5, uniq_grinder, uniq_eustachio
D:7:      layout_cave_pools, makhleb_heckhound_becter,
          nicolae_overflow_crystal_walls, lemuel_blue_sif_altar,
          grunt_livestock, minmay_hedge_maze, uniq_harold

Skill      XL: |  1  2  3  4  5  6  7  8  9 10 |
---------------+-------------------------------+-----
Fighting       | 4 5 6 7 |  7.5
Polearms       | 3 4 6 7 8 9 |  9.2
Armour         | 3 4 5 6 7 |  7.7
Throwing       | 1 |  1.7
Invocations    | 3 4 6 7 |  7.0
Dodging        | |  0.8

Action                   |  1- 3 |  4- 6 |  7- 9 | 10-12 || total
-------------------------+-------+-------+-------+-------++-------
Melee: Spear             |   109 |       |       |    35 ||   144
       Trident           |       |   212 |   412 |    66 ||   690
Throw: Stone             |     3 |       |       |       ||     3
       Javelin           |       |    10 |     6 |     1 ||    17
       Boomerang         |       |       |       |     9 ||     9
       Dart              |       |       |       |     2 ||     2
Invok: Depart the Abyss  |     1 |       |       |       ||     1
 Abil: Dig               |       |       |     2 |     1 ||     3
  Use: Potion            |       |       |     7 |     1 ||     8
 Stab: Sleeping          |     1 |       |       |       ||     1
       Invisible         |       |       |       |     2 ||     2
  Eat: Chunk             |     2 |     9 |    15 |     4 ||    30
Armor: Leather armour    |    39 |       |       |       ||    39
       Scale mail        |     7 |    81 |    34 |       ||   122
       Chain mail        |       |       |   128 |    42 ||   170
Dodge: Dodged            |    75 |   101 |   120 |    50 ||   346
